Pendalf, chaotic male elven Wizard ---- ---- ---..| |..| |....----..-- |...........-- --...........-- |...<........| --.....-......| |.............-- |.............%.. ---.....|.--....... ---..-|.|--........ ---- ---..... --).... |...@. G '). Pendalf the Thaumaturge Experience level: 7 Strength: 13 Dexterity: 9 Constitution: 16 Intelligence: 20 Wisdom: 13 Charisma: 9 Health: 0(51) Energy: 68(80) Def: 8 Gold: 429 Moves: 4819 Dungeon seed: ZFgXZ8qudjVdcCQC Game ID: Pendalf_1557082927 Your Inventory: Coins $ - 429 gold pieces Amulets X - an uncursed amulet of reflection Weapons k - the blessed rustproof +0 Magicbane (weapon in hand) C - a blessed +0 dagger F - 3 +0 daggers (in quiver) Armor e - a blessed +0 cloak of magic resistance (being worn) q - an uncursed +0 studded leather armor (being worn) r - an uncursed +0 dwarvish iron helm (being worn) Y - an uncursed +0 pair of high boots (being worn) Comestibles h - 2 blessed tins of large kobold meat s - an uncursed food ration M - an uncursed carrot Potions o - a cursed potion of object detection Tools m - an uncursed mirror n - an uncursed blindfold Gems p - an uncursed worthless piece of white glass y - an uncursed worthless piece of red glass z - an uncursed worthless piece of violet glass N - an uncursed worthless piece of black glass Spells and supernatural/magical abilities: Name Level Category Fail Memory a - force bolt 1 attack 0% 76% j - jumping 1 escape 0% 76% n - detect monsters 1 divination 0% 96% W - pray for help -- divine ? -- Your skills at the end: Fighting Skills Weapon Skills dagger [Skilled] quarterstaff [Basic] Spellcasting Skills attack spells [Basic] enchantment spells [Basic] Final Attributes: You were piously aligned. You were sleep resistant. You were poison resistant. You were magic-protected. You were telepathic. You had infravision. You were held by a rope golem. You are dead. Vanquished creatures: a dwarf king a spotted jelly a gnome king a plains centaur a gnome mummy a wood nymph a water nymph a rock piercer a pony 7 gnome lords 4 gnomish wizards a golden naga hatchling an elf zombie a giant ant a floating eye 12 dwarves a kobold shaman 3 rothes a rabid rat a monkey a dwarf zombie an iguana 2 acid blobs a hobbit a green mold 27 gnomes 13 garter snakes a gnome zombie a gecko 3 jackals a fox a kobold a goblin 3 sewer rats 7 grid bugs 7 lichens 6 newts 119 creatures vanquished. Voluntary challenges: You had been an atheist until turn 3698. You used a wielded weapon 160 times, starting on turn 105. You read items or engraved 1 time, starting on turn 3859. You never genocided any monsters. You never polymorphed an object. You never changed form. You used no wishes. You never split a pudding. You never wrote Elbereth's name. You never violated your personal moral code. Dungeon overview: The Dungeons of Doom: levels 1 to 4 Level 1 a fountain a long staircase Level 2 a general store stairs to The Gnomish Mines Level 3 a general store, a fountain, a sink Level 4 The Gnomish Mines: levels 3 to 6 Level 3 stairs to The Dungeons of Doom Level 4 Level 5 many shops, a temple to Anhur, some fountains Level 6 <- You were here History has recorded: On T:1 you entered the Dungeons of Doom to retrieve the Amulet of Yendor! On T:350 you reached level 2 of The Dungeons of Doom. On T:621 you advanced to experience level 2. On T:684 you reached level 3 of The Dungeons of Doom. On T:1044 you reached level 4 of The Dungeons of Doom. On T:1346 you reached level 1 of The Gnomish Mines. On T:1411 you advanced to experience level 3. On T:1438 you advanced to experience level 4. On T:1494 you advanced to experience level 5. On T:1700 you reached level 2 of The Gnomish Mines. On T:2030 you advanced to experience level 6. On T:3451 you reached level 3 of The Gnomish Mines. On T:3775 you advanced to experience level 7. On T:4535 you received Magicbane from Anhur. On T:4696 you reached level 4 of The Gnomish Mines. Score breakdown: Gold: 429 ( 8958 points) Experience: 7 levels (13645 points) Exploration: 6 levels ( 12.50%) ( 9784 points) Discoveries: 7 items ( 2.53%) ( 4769 points) Valuables value: (no points given unless you survive) Artifact value: 3500 (12056 points) Variety of kills: 37 monsters ( 9.71%) ( 9348 points) Turncount: 4819 turns (-1300 points) Survival: died (score multiplied by 80%) Total score: 45808 Latest messages: The rope golem hits! You are being choked. You begin praying to Anhur. You are surrounded by a shimmering light. The rope golem loosens its grip slightly. (2x) You feel that Anhur is well-pleased. Your athame named Magicbane softly glows with a light blue aura. You cannot escape from the rope golem! The rope golem just misses! The rope golem hits! You are being choked. Please move the cursor to an unknown object. Never mind. The spell hits the rope golem! The rope golem hits! You die... Final status: Goodbye Pendalf the Wizard, killed by a rope golem... You died in The Gnomish Mines on dungeon level 6 with 45808 points, and 429 pieces of gold, after 4819 moves. You were level 7 with a maximum of 51 hit points when you died.